 Dungeon Crawl Stone Soup version 0.31-a0-174-g85c54bcb58 (webtiles) character file.

Game seed: 3043278560193109885

112 qw the Shooter (level 4, -1/28 HPs)
             Began as a Gargoyle Hunter on June 15, 2023.
             Slain by Robin
             ... wielding a +0 falchion
              (7 damage)
             ... on level 3 of the Dungeon.
             The game lasted 00:00:41 (1349 turns).

qw the Shooter (Gargoyle Hunter)                    Turns: 1349, Time: 00:00:42

Health: -1/28      AC:  8    Str: 14 (15) XL:     4   Next: 95%
Magic:  4/4        EV: 10    Int:  8 (9)  God:
Gold:   144        SH:  0    Dex: 14 (15) Spells: 3/3 levels left

rFire   . . .        Y - +0 shortbow
rCold   . . .        (shield currently unavailable)
rNeg    + . .        d - +0 ring mail
rPois   inf          (no helmet)
rElec   +            (no cloak)
rCorr   .            (no gloves)
SInv    .            (no boots)
Will    .....        (no amulet)
Stlth   +            (no ring)
HPRegen 0.24/turn    (no ring)
MPRegen 0.09/turn

%: no passive effects
@: no status effects
A: sickness immunity, AC +3, negative energy resistance 1, electricity
resistance, torment resistance 1, petrification resistance
a: no special abilities


You were on level 3 of the Dungeon.
You visited 1 branch of the dungeon, and saw 3 of its levels.

You collected 144 gold pieces.


Innate Abilities, Weirdness & Mutations

You are immune to sickness and miasma.
Your stone body is resilient. (AC +3)
You are immune to poison.
You resist negative energy. (rN+)
You are resistant to electric shocks. (rElec)
You are resistant to unholy torment.
You are immune to petrification.


   Skills:
 - Level 3.4 Fighting
 + Level 5.4 Ranged Weapons
 - Level 1.0 Armour
 - Level 1.5 Dodging
 - Level 1.1 Stealth


You had 3 spell levels left.
You didn't know any spells.
Your spell library was empty.

Inventory:

Hand Weapons
 Y - a +0 shortbow (weapon)
Armour
 d - a +0 ring mail (worn)
Potions
 a - a potion of attraction {unknown}
 g - a potion of heal wounds {unknown}
 i - 2 potions of curing
 l - a potion of mutation {unknown}

Dungeon Overview and Level Annotations

Branches:
Dungeon (3/15)

Altars:

Annotations:
D:3 Robin


Message History

You shoot an arrow. The arrow barely misses the goblin.
You shoot an arrow. The arrow closely misses the goblin.
The goblin hits you with a +0 club. The goblin barely misses you.
You shoot an arrow. The arrow barely misses the goblin.
A goblin comes into view. It is wielding a +0 dagger.
The goblin hits you with a +0 club. The goblin hits you but does no damage.
You shoot an arrow. The arrow completely misses the goblin.
The goblin hits you but does no damage. The goblin hits you with a +0 club. x2
The goblin barely misses you.
You shoot an arrow. The arrow barely misses the goblin.
The goblin barely misses you. The goblin hits you but does no damage.
You shoot an arrow.
The arrow hits the goblin but does no damage.
The goblin hits you but does no damage. The goblin barely misses you.
You shoot an arrow. The arrow hits the goblin.
You kill the goblin!
You shoot an arrow.
The arrow hits Robin but does no damage.
The goblin hits you but does no damage.
Robin roars a battlecry!
Robin throws the goblin at you! The goblin hits you but does no damage.
You shoot an arrow. The arrow hits Robin.
Robin is moderately wounded.
The goblin barely misses you. Robin hits you with a +0 falchion.
You shoot an arrow.
The arrow hits Robin but does no damage.
Robin is moderately wounded.
The hobgoblin no longer looks unusually strong.
The goblin hits you but does no damage. Robin completely misses you.
You shoot an arrow. The arrow hits Robin.
Robin is heavily wounded.
The hobgoblin no longer looks unusually strong.
The goblin hits you but does no damage. Robin misses you.
You shoot an arrow. The arrow barely misses Robin.
The goblin hits you with a +0 club.
Robin roars a battlecry!
The hobgoblins go into a battle-frenzy!
You shoot an arrow. The arrow barely misses Robin.
The goblin hits you but does no damage. Robin hits you with a +0 falchion!
You die...

#.##.#
#####.....
#.##.#
........%.
.##.####.##.#
#######.##
..........#.#
#.#
###......)#.#
#.#
#.#####.#.#
####.##
#.........#
#..[...
#.#####.#####
#.##.##
#..g@)#
###.##.##
#####g#
#......## g#
#.#.##### g#
#.#.##### g#
#.#>..... .#
#.####### .#
#.# .# #.#
#.#


You could see Robin, 2 hobgoblins and 2 goblins.

Vanquished Creatures
  A hound (D:3)
  2 adders (D:3)
  2 dart slugs
  5 orcs (D:3)
  2 ball pythons
  4 bats
  7 endoplasms
  2 giant cockroaches
  7 goblins
  9 hobgoblins
  2 frilled lizards (D:2)
  4 kobolds
  4 rats
51 creatures vanquished.

Notes
Turn   | Place    | Note
-------+----------+-------------------------------------------
     0 | D:1      | qw the Gargoyle Hunter began the quest for the Orb.
     0 | D:1      | Reached XP level 1. HP: 12/12 MP: 1/1
     0 | D:1      | 0 ||| qw: Version: 0.2-a-29-g511e9b1
     0 | D:1      | 0 ||| qw: Game counter: 5343
     0 | D:1      | 0 ||| qw: Always use a shield: true
     0 | D:1      | 0 ||| qw: God list: Okawaru
     0 | D:1      | 0 ||| qw: Allow faded altars: false
     0 | D:1      | 0 ||| qw: Do Orc after D:15 true
     0 | D:1      | 0 ||| qw: Do second Lair branch before Depths: true
     0 | D:1      | 0 ||| qw: Lair rune preference: random
     0 | D:1      | 0 ||| qw: Plans: Normal, Zot:1-4, Slime:5, God:TSO, Crypt,
                  | Tomb, Abyss, Pan, Hells, Win
     0 | D:1      | 0 ||| PLANNING D:1-11
   225 | D:1      | Reached XP level 2. HP: 15/17 MP: 2/2
   698 | D:1      | 698 ||| UPGRADING to +0 ring mail.
   708 | D:1      | 708 ||| DROPPING +0 leather armour.
   709 | D:1      | 709 ||| READING scroll labelled KURASU ZIGAHE.
   710 | D:1      | 710 ||| READING scroll labelled XEOKHYTWUO.
   711 | D:1      | 711 ||| READING scroll labelled CEAQUICHOHO.
   723 | D:1      | 723 ||| READING scroll labelled ISAUS BOKIPUEL.
   724 | D:1      | 724 ||| DRINKING 3 fizzy inky potions.
   725 | D:1      | 725 ||| DROPPING scroll of butterflies.
   726 | D:1      | 726 ||| DROPPING 2 potions of enlightenment.
   769 | D:2      | Reached XP level 3. HP: 21/21 MP: 3/3
   786 | D:2      | Reached skill level 1 in Armour
   883 | D:2      | Reached skill level 5 in Ranged Weapons
  1058 | D:2      | Found the +7 Kryia's mail coat {PotionHeal*2 rC+}
  1093 | D:2      | 1093 ||| DRINKING 2 puce potions.
  1094 | D:2      | 1094 ||| DRINKING 2 fuming brown potions.
  1095 | D:2      | 1095 ||| DROPPING potion of degeneration.
  1211 | D:3      | Reached skill level 3 in Fighting
  1211 | D:3      | Reached XP level 4. HP: 25/28 MP: 4/4
  1330 | D:3      | Noticed Robin
  1348 | D:3      | HP: 6/28 [goblin/+0 club[Robin] (5)]
  1349 | D:3      | Slain by Robin

Levels and vault maps discovered:
D:1:      evilmike_arrival_fibonacci_small, layout_basic,
          hangedman_decor_clover_reticule
D:2:      layout_rooms
D:3:      layout_loops_ring, uniq_robin

Skill      XL: |  1  2  3 |
---------------+----------+-----
Armour         | 1 |  1.0
Ranged Weapons | 5 |  5.4
Fighting       | 3 |  3.4
Dodging        | |  1.5
Stealth        | |  1.1

Action                     |  1- 3 |  4- 6 || total
---------------------------+-------+-------++-------
   Fire: Shortbow          |   125 |    53 ||   178
    Use: Scroll            |     4 |       ||     4
         Potion            |     3 |       ||     3
 Armour: Leather armour    |     6 |       ||     6
         Ring mail         |    12 |    19 ||    31
  Dodge: Dodged            |    28 |    23 ||    51

Table legend:
 A = Non-vault XP
 B = Vault XP
 C = Vault XP percentage of total XP
 D = Non-vault monster count
 E = Vault monster count
 F = Vault count percentage of total count
                 A         B        C        D         E       F
            +---------+---------+-------+---------+---------+-------
      Total |     154 |       7 |   4.3 |      47 |       4 |   7.8
            +---------+---------+-------+---------+---------+-------
        D:1 |      28 |       0 |   0.0 |      14 |       0 |   0.0
        D:2 |      35 |       0 |   0.0 |      20 |       0 |   0.0
        D:3 |      91 |       7 |   7.1 |      13 |       4 |  23.5
            +---------+---------+-------+---------+---------+-------
